TOP OF THE 1ST |
Palm Beach Cardinals batting - Pitching for Stockton Ports : RHP Craig Daniel
|
Pitching: RHP Craig Daniel
|
|
Batting: RHB Ben Politi
|
0-0: Ball 1-0: Bunted foul 1-1: Ball 2-1: Foul Ball, location: 2F 2-2: Ball 3-2: DOUBLE (Line Drive, 5D, EV 98.1 MPH)
|
Batting: RHB Ricky Yerzy
|
0-0: Ball 1-0: Ground out 6-3 (Groundball, 6, EV 100.0 MPH)
|
Batting: SHB Gerardo Macias
|
0-0: Ball 1-0: Called Strike 1-1: Foul Ball, location: 2F 1-2: Foul Ball, location: 2F 1-2: Strikes out swinging
|
Batting: LHB Ken Morehead
|
0-0: Ball 1-0: Called Strike 1-1: Foul Ball, location: 2F 1-2: Ball 2-2: Foul Ball, location: 2F 2-2: Strikes out swinging
|
Top of the 1st over - 0 runs, 1 hit, 0 errors, 1 left on base; Palm Beach 0 - Stockton 0 |
BOTTOM OF THE 1ST |
Stockton Ports batting - Pitching for Palm Beach Cardinals : RHP Ricky Yerzy
|
Pitching: RHP Ricky Yerzy
|
|
Batting: RHB Chris Bohm
|
0-0: Ball 1-0: Ball 2-0: Ball 3-0: Called Strike 3-1: Called Strike 3-2: Strikes out swinging
|
Batting: RHB Micah Roth
|
0-0: Ball 1-0: Ball 2-0: Ball 3-0: Base on Balls
|
Batting: RHB David Herrera
|
0-0: SINGLE (Line Drive, 7S, EV 98.8 MPH) Micah Roth to second
|
Batting: RHB David Sharp
|
0-0: Called Strike 0-1: Ball 1-1: Foul Ball, location: 2F 1-2: Foul Ball, location: 2F 1-2: Ball 2-2: Fielders Choice at 2nd, 6-4 (Groundball, 6, EV 89.4 MPH) Micah Roth to third
|
Batting: RHB Travis Robinson
|
0-0: TRIPLE (Flyball, 89XD, EV 87.5 MPH) Micah Roth scores David Sharp scores
|
Batting: RHB Chris Prinzing
|
0-0: Ball 1-0: Ball 2-0: Called Strike 2-1: Called Strike 2-2: Ball 3-2: Strikes out swinging
|
Bottom of the 1st over - 2 runs, 2 hits, 0 errors, 1 left on base; Palm Beach 0 - Stockton 2 |
TOP OF THE 2ND |
Palm Beach Cardinals batting - Pitching for Stockton Ports : RHP Craig Daniel
|
Batting: RHB Geoff Musico
|
0-0: Ball 1-0: Ball 2-0: Called Strike 2-1: Swinging Strike 2-2: Strikes out swinging
|
Batting: RHB Juan Carrillo
|
0-0: Called Strike 0-1: Ball 1-1: Swinging Strike 1-2: Foul Ball, location: 2F 1-2: Strikes out swinging
|
Batting: RHB Jonathan Winkler
|
0-0: Ball 1-0: Called Strike 1-1: Ball 2-1: Ball 3-1: Ground out 6-3 (Groundball, 6, EV 103.1 MPH)
|
Top of the 2nd over - 0 runs, 0 hits, 0 errors, 0 left on base; Palm Beach 0 - Stockton 2 |
BOTTOM OF THE 2ND |
Stockton Ports batting - Pitching for Palm Beach Cardinals : RHP Ricky Yerzy
|
Batting: RHB Eduardo Chavez
|
0-0: Called Strike 0-1: Swinging Strike 0-2: Strikes out looking
|
Batting: RHB Walt Alaniz
|
0-0: Ball 1-0: Called Strike 1-1: Ball 2-1: Fly out, F9 (Line Drive, 9, EV 99.4 MPH)
|
Batting: RHB Gojko Golob
|
0-0: Called Strike 0-1: Fly out, F9 (Flyball, 9, EV 83.1 MPH)
|
Bottom of the 2nd over - 0 runs, 0 hits, 0 errors, 0 left on base; Palm Beach 0 - Stockton 2 |
TOP OF THE 3RD |
Palm Beach Cardinals batting - Pitching for Stockton Ports : RHP Craig Daniel
|
Batting: RHB Shou-feng Chang
|
0-0: Foul Ball, location: 2F 0-1: Called Strike 0-2: DOUBLE (Line Drive, 9LS, EV 91.2 MPH)
|
Batting: LHB Rafael Banda
|
0-0: Called Strike 0-1: Foul Ball, location: 2F 0-2: Ball 1-2: Strikes out looking
|
Batting: RHB Ben Politi
|
0-0: Fly out, F8 (Line Drive, 8RD, EV 83.8 MPH)
|
Batting: RHB Ricky Yerzy
|
0-0: Foul Ball, location: 2F 0-1: Ball 1-1: Ground out 6-3 (Groundball, 6D, EV 101.9 MPH)
|
Top of the 3rd over - 0 runs, 1 hit, 0 errors, 1 left on base; Palm Beach 0 - Stockton 2 |
BOTTOM OF THE 3RD |
Stockton Ports batting - Pitching for Palm Beach Cardinals : RHP Ricky Yerzy
|
Batting: RHB Chris Bohm
|
0-0: Ball 1-0: Foul Ball, location: 2F 1-1: Foul Ball, location: 2F 1-2: Ball 2-2: Fly out, F7 (Line Drive, 78M, EV 103.1 MPH)
|
Batting: RHB Micah Roth
|
0-0: Ball 1-0: Ball 2-0: Foul Ball, location: 2F 2-1: Ball 3-1: DOUBLE (Groundball, 5L, EV 104.4 MPH)
|
Batting: RHB David Herrera
|
0-0: Ball 1-0: Called Strike 1-1: Ball 2-1: Fly out, F9 (Line Drive, 9, EV 101.9 MPH)
|
Batting: RHB David Sharp
|
0-0: Called Strike Micah Roth steals 3rd base 0-1: Ball 1-1: Ball 2-1: Called Strike 2-2: Strikes out swinging
|
Bottom of the 3rd over - 0 runs, 1 hit, 0 errors, 1 left on base; Palm Beach 0 - Stockton 2 |
TOP OF THE 4TH |
Palm Beach Cardinals batting - Pitching for Stockton Ports : RHP Craig Daniel
|
Batting: SHB Gerardo Macias
|
0-0: Called Strike 0-1: Ball 1-1: Ball 2-1: Swinging Strike 2-2: Strikes out swinging
|
Batting: LHB Ken Morehead
|
0-0: Ball 1-0: SINGLE (Line Drive, 34D, EV 97.5 MPH)
|
Batting: RHB Geoff Musico
|
0-0: Called Strike 0-1: Ball 1-1: Foul Ball, location: 2F 1-2: Ball 2-2: Strikes out swinging
|
Batting: RHB Juan Carrillo
|
0-0: Ball 1-0: Ball 2-0: Foul Ball, location: 2F 2-1: 2-RUN HOME RUN (Flyball, 78XD, EV 101.9 MPH), Distance : 401 ft
|
Batting: RHB Jonathan Winkler
|
0-0: Ball 1-0: Ground out 1-3 (Groundball, 13S, EV 75.6 MPH)
|
Top of the 4th over - 2 runs, 2 hits, 0 errors, 0 left on base; Palm Beach 2 - Stockton 2 |
BOTTOM OF THE 4TH |
Stockton Ports batting - Pitching for Palm Beach Cardinals : RHP Ricky Yerzy
|
Batting: RHB Travis Robinson
|
0-0: Ball 1-0: Called Strike 1-1: Called Strike 1-2: Ball 2-2: Strikes out swinging
|
Batting: RHB Chris Prinzing
|
0-0: Ball 1-0: Ball 2-0: Called Strike 2-1: Ball 3-1: Ground out 6-3 (Groundball, 56, EV 96.2 MPH)
|
Batting: RHB Eduardo Chavez
|
0-0: Foul Ball, location: 2F 0-1: Foul Ball, location: 2F 0-2: Ball 1-2: Ball 2-2: Strikes out swinging
|
Bottom of the 4th over - 0 runs, 0 hits, 0 errors, 0 left on base; Palm Beach 2 - Stockton 2 |
TOP OF THE 5TH |
Palm Beach Cardinals batting - Pitching for Stockton Ports : RHP Craig Daniel
|
Batting: RHB Shou-feng Chang
|
0-0: Fly out, F7 (Line Drive, 78D, EV 90.0 MPH)
|
Batting: LHB Rafael Banda
|
0-0: Ball 1-0: Ball 2-0: Foul Ball, location: 2F 2-1: Ball 3-1: SINGLE (Flyball, 8RS, EV 83.1 MPH)
|
Batting: RHB Ben Politi
|
0-0: Ball 1-0: DOUBLE (Flyball, 89XD, EV 107.5 MPH) Rafael Banda to third
|
Batting: RHB Ricky Yerzy
|
0-0: Foul Ball, location: 2F 0-1: Swinging Strike 0-2: Ball 1-2: Ball 2-2: DOUBLE (Line Drive, 9LS, EV 90.6 MPH) Rafael Banda scores Ben Politi scores
|
Batting: SHB Gerardo Macias
|
0-0: Ball 1-0: Called Strike 1-1: Foul Ball, location: 2F 1-2: Ball 2-2: Strikes out swinging
|
Batting: LHB Ken Morehead
|
0-0: Called Strike 0-1: Foul Ball, location: 2F 0-2: Ball 1-2: Ball 2-2: Foul Ball, location: 2F 2-2: Ball 3-2: Ground out 6-3 (Groundball, 6, EV 78.1 MPH)
|
Top of the 5th over - 2 runs, 3 hits, 0 errors, 1 left on base; Palm Beach 4 - Stockton 2 |
BOTTOM OF THE 5TH |
Stockton Ports batting - Pitching for Palm Beach Cardinals : RHP Ricky Yerzy
|
Batting: RHB Walt Alaniz
|
0-0: Called Strike 0-1: Ground out 6-3 (Groundball, 6, EV 105.0 MPH)
|
Batting: RHB Gojko Golob
|
0-0: Swinging Strike 0-1: Ball 1-1: Ball 2-1: Ground out 4-3 (Groundball, 4, EV 83.1 MPH)
|
Batting: RHB Chris Bohm
|
0-0: Ball 1-0: Ground out U3 (Groundball, 34S, EV 87.5 MPH)
|
Bottom of the 5th over - 0 runs, 0 hits, 0 errors, 0 left on base; Palm Beach 4 - Stockton 2 |
TOP OF THE 6TH |
Palm Beach Cardinals batting - Pitching for Stockton Ports : RHP Craig Daniel
|
Batting: RHB Geoff Musico
|
0-0: Called Strike 0-1: Ball 1-1: Ball 2-1: Swinging Strike 2-2: Foul Ball, location: 2F 2-2: Strikes out swinging
|
Batting: RHB Juan Carrillo
|
0-0: Ball 1-0: Swinging Strike 1-1: Ball 2-1: Swinging Strike 2-2: Strikes out swinging
|
Batting: RHB Jonathan Winkler
|
0-0: Ball 1-0: Swinging Strike 1-1: Foul Ball, location: 2F 1-2: Ball 2-2: Foul Ball, location: 2F 2-2: Ball 3-2: Foul Ball, location: 2F 3-2: Foul Ball, location: 2F 3-2: Foul Ball, location: 2F 3-2: Foul Ball, location: 2F 3-2: DOUBLE (Groundball, 5L, EV 103.8 MPH)
|
Pitching: LHP Kevin Barteaux
|
|
Batting: RHB Shou-feng Chang
|
0-0: Ball 1-0: Swinging Strike 1-1: Ball 2-1: Ball 3-1: Foul Ball, location: 2F 3-2: Strikes out swinging
|
Top of the 6th over - 0 runs, 1 hit, 0 errors, 1 left on base; Palm Beach 4 - Stockton 2 |
BOTTOM OF THE 6TH |
Stockton Ports batting - Pitching for Palm Beach Cardinals : RHP Ricky Yerzy
|
Batting: RHB Micah Roth
|
0-0: Foul Ball, location: 2F 0-1: Swinging Strike 0-2: Ball 1-2: Ball 2-2: Strikes out swinging
|
Batting: RHB David Herrera
|
0-0: Ball 1-0: Foul Ball, location: 2F 1-1: Called Strike 1-2: Ball 2-2: Strikes out looking
|
Batting: RHB David Sharp
|
0-0: Ball 1-0: Fly out, F8 (Line Drive, 8RD, EV 95.0 MPH)
|
Bottom of the 6th over - 0 runs, 0 hits, 0 errors, 0 left on base; Palm Beach 4 - Stockton 2 |
TOP OF THE 7TH |
Palm Beach Cardinals batting - Pitching for Stockton Ports : LHP Kevin Barteaux
|
Batting: LHB Rafael Banda
|
0-0: Ball 1-0: Ball 2-0: Ball 3-0: Swinging Strike 3-1: Foul Ball, location: 2F 3-2: Foul Ball, location: 2F 3-2: Strikes out swinging
|
Batting: RHB Ben Politi
|
0-0: Foul Ball, location: 2F 0-1: Ball 1-1: Foul Ball, location: 2F 1-2: Foul Ball, location: 2F 1-2: Ball 2-2: Ball 3-2: Strikes out swinging
|
Batting: RHB Ricky Yerzy
|
0-0: Ball 1-0: Foul Ball, location: 2F 1-1: Ball 2-1: Called Strike 2-2: Strikes out looking
|
Top of the 7th over - 0 runs, 0 hits, 0 errors, 0 left on base; Palm Beach 4 - Stockton 2 |
BOTTOM OF THE 7TH |
Stockton Ports batting - Pitching for Palm Beach Cardinals : RHP Ricky Yerzy
|
Pitching: RHP Steve Langlois
|
|
Batting: RHB Travis Robinson
|
0-0: Called Strike 0-1: Ball 1-1: Ball 2-1: Ground out 6-3 (Groundball, 6S, EV 85.0 MPH)
|
Batting: RHB Chris Prinzing
|
0-0: Called Strike 0-1: Ball 1-1: Foul Ball, location: 2F 1-2: Foul Ball, location: 2F 1-2: Strikes out swinging
|
Batting: RHB Eduardo Chavez
|
0-0: Called Strike 0-1: Ball 1-1: Ball 2-1: Ball 3-1: Fly out, F8 (Flyball, 8LM, EV 92.5 MPH)
|
Bottom of the 7th over - 0 runs, 0 hits, 0 errors, 0 left on base; Palm Beach 4 - Stockton 2 |
TOP OF THE 8TH |
Palm Beach Cardinals batting - Pitching for Stockton Ports : LHP Kevin Barteaux
|
Batting: SHB Gerardo Macias
|
0-0: Called Strike 0-1: Ball 1-1: Ball 2-1: Called Strike 2-2: Strikes out looking
|
Batting: LHB Ken Morehead
|
0-0: Ball 1-0: Ball 2-0: Ball 3-0: Called Strike 3-1: Ground out U3 (Groundball, 34S, EV 81.2 MPH)
|
Batting: RHB Geoff Musico
|
0-0: Swinging Strike 0-1: DOUBLE (Line Drive, 7LM, EV 104.4 MPH)
|
Batting: RHB Juan Carrillo
|
0-0: Called Strike 0-1: Ground out 1-3 (Groundball, 15S, EV 64.4 MPH)
|
Top of the 8th over - 0 runs, 1 hit, 0 errors, 1 left on base; Palm Beach 4 - Stockton 2 |
BOTTOM OF THE 8TH |
Stockton Ports batting - Pitching for Palm Beach Cardinals : RHP Steve Langlois
|
Batting: RHB Walt Alaniz
|
0-0: Called Strike 0-1: SINGLE (Groundball, 13S, EV 75.0 MPH) (infield hit)
|
Batting: RHB Gojko Golob
|
0-0: Ball 1-0: Fly out, F9 (Flyball, 9, EV 93.1 MPH)
|
Batting: RHB Chris Bohm
|
0-0: Ball 1-0: Foul Ball, location: 2F 1-1: Ball 2-1: Foul Ball, location: 2F 2-2: Strikes out looking
|
Batting: RHB Micah Roth
|
0-0: Foul Ball, location: 2F 0-1: Ball 1-1: Ball 2-1: Foul Ball, location: 2F 2-2: Fly out, F8 (Flyball, 8RXD, EV 90.6 MPH)
|
Bottom of the 8th over - 0 runs, 1 hit, 0 errors, 1 left on base; Palm Beach 4 - Stockton 2 |
TOP OF THE 9TH |
Palm Beach Cardinals batting - Pitching for Stockton Ports : LHP Kevin Barteaux
|
Batting: RHB Jonathan Winkler
|
0-0: Called Strike 0-1: Swinging Strike 0-2: Ball 1-2: Ball 2-2: Ball 3-2: DOUBLE (Flyball, 89D, EV 91.9 MPH)
|
Batting: RHB Shou-feng Chang
|
0-0: Intentional Walk
|
Pitching: RHP John Shutt
|
|
Batting: LHB Rafael Banda
|
0-0: Foul Ball, location: 2F 0-1: Called Strike 0-2: Ball 1-2: Fly out, F8 (Flyball, 8RD, EV 93.8 MPH) Runner from 2nd tags up, SAFE at 3rd with throw by CF
|
Pinch Hitting: LHB Travis Ruppel
|
0-0: Ball 1-0: Ball Wild Pitch! Jonathan Winkler scores Shou-feng Chang to second 2-0: Intentional Walk
|
Batting: RHB Ricky Yerzy
|
0-0: Ball 1-0: Ball 2-0: Called Strike 2-1: Ball 3-1: Base on Balls Shou-feng Chang to third Travis Ruppel to second
|
Batting: SHB Gerardo Macias
|
0-0: Swinging Strike 0-1: Ball 1-1: Ball 2-1: Hit by Pitch Shou-feng Chang scores Travis Ruppel to third Ricky Yerzy to second
|
Batting: LHB Ken Morehead
|
0-0: Foul Ball, location: 2F 0-1: Foul Ball, location: 2F 0-2: Ball 1-2: Grounds into double play, 2-3 (Groundball, 2L, EV 70.6 MPH)
|
Top of the 9th over - 2 runs, 1 hit, 0 errors, 2 left on base; Palm Beach 6 - Stockton 2 |
BOTTOM OF THE 9TH |
Stockton Ports batting - Pitching for Palm Beach Cardinals : RHP Steve Langlois
|
Pitching: LHP Nick Suggett
|
|
Now at 3B: Mario Carbajal
|
|
Batting: RHB David Herrera
|
0-0: Foul Ball, location: 2F 0-1: Called Strike 0-2: Strikes out swinging
|
Batting: RHB David Sharp
|
0-0: Called Strike 0-1: Foul Ball, location: 2F 0-2: Ball 1-2: SOLO HOME RUN (Flyball, 9D, EV 99.4 MPH), Distance : 381 ft
|
Batting: RHB Travis Robinson
|
0-0: Swinging Strike 0-1: Ball 1-1: SINGLE (Flyball, 34D, EV 90.6 MPH)
|
Pitching: LHP John Grinter
|
|
Batting: RHB Chris Prinzing
|
0-0: Ball 1-0: SINGLE (Line Drive, 34D, EV 96.2 MPH) Travis Robinson to second
|
Batting: RHB Eduardo Chavez
|
0-0: Called Strike 0-1: Swinging Strike 0-2: Strikes out swinging
|
Batting: RHB Walt Alaniz
|
0-0: Foul Ball, location: 2F 0-1: Called Strike 0-2: Ball 1-2: Foul Ball, location: 2F 1-2: Strikes out swinging
|
Bottom of the 9th over - 1 run, 3 hits, 0 errors, 2 left on base; Palm Beach 6 - Stockton 3 |
|